 Dungeon Crawl Stone Soup version 0.26-a0-478-g6c97825307 (webtiles) character file.

Game seed: 13542918808450401218

88072 Infinimo the Fencer (level 15, 0/183 HPs)
             Began as a Demonspawn Fighter on July 31, 2020.
             Was an Initiate of Gozag.
             Slain by Donald
             ... wielding a +2 double sword of freezing
              (21 damage)
             ... on level 4 of the Lair of Beasts.
             The game lasted 00:40:00 (32495 turns).

Infinimo the Fencer (Demonspawn Fighter)           Turns: 32495, Time: 00:40:00

Health: 0/183      AC: 27    Str: 21    XL:     15   Next: 45%
Magic:  15/15      EV: 13    Int:  9    God:    Gozag
Gold:   1029       SH: 13    Dex: 16    Spells: 14/14 levels left

rFire    + + +     SeeInvis +   e - +3 demon blade (elec)
rCold    + . .     Faith    .   c - +0 kite shield
rNeg     + . .     Spirit   .   z - +3 scale mail of the Eight Boll Weevils {Dex+4 Slay+5}
rPois    .         Reflect  .   y - +0 helmet of Integrity {rF++ rN+ Dex-5 SInv}
rElec    +         Harm     .   P - +1 cloak of Starlight {rElec rC+ EV+4 Stlth--}
rCorr    +         Rnd*Rage +   D - +0 pair of gloves
MR       +....                  R - +1 pair of boots {Stlth+}
Stlth    ..........             N - amulet of magic regeneration
HPRegen  0.40/turn              l - +4 ring of protection
MPRegen  0.39/turn              v - ring of resist corrosion

@: berserking, gold aura, very quick
A: hooves 2, thin metallic scales 2, agile 1, berserk 1, fire resistance 1,
powered by death 2
a: Potion Petition, Call Merchant, Bribe Branch, Renounce Religion


You were on level 4 of the Lair of Beasts.
You worshipped Gozag.
Gozag was most pleased with you.
You visited 4 branches of the dungeon, and saw 24 of its levels.

You collected 8558 gold pieces.
You spent 4457 gold pieces at shops.
You paid 3072 gold pieces to Gozag.

Inventory:

Hand Weapons
 e - a +3 demon blade of electrocution (weapon)
Armour
 c - a +0 kite shield (worn)
 y - the +0 helmet of Integrity (worn) {rF++ rN+ Dex-5 SInv}
   (You bought it in a shop on level 14 of the Dungeon)

   It affects your dexterity (-5).
   It greatly protects you from fire.
   It protects you from negative energy.
   It lets you see invisible.
 z - the +3 scale mail of the Eight Boll Weevils (worn) {Dex+4 Slay+5}
   (You bought it in a shop on level 15 of the Dungeon)

   It affects your dexterity (+4).
   It affects your accuracy and damage with ranged weapons and melee attacks
   (+5).
 D - a +0 pair of gloves (worn)
 P - the +1 cloak of Starlight (worn) {rElec rC+ EV+4 Stlth--}
   (You bought it in a shop on level 15 of the Dungeon)

   It affects your evasion (+4).
   It protects you from cold.
   It insulates you from electricity.
   It makes you much less stealthy.
 R - a +1 pair of boots of stealth (worn)
Jewellery
 l - a +4 ring of protection (left hand)
 v - a ring of resist corrosion (right hand)
 N - an amulet of magic regeneration (around neck)
Wands
 d - a wand of digging (15)
 M - a wand of disintegration (19)
Scrolls
 b - 3 scrolls of magic mapping
 f - 10 scrolls of teleportation
 g - 4 scrolls of amnesia
 i - 3 scrolls of blinking
 m - 5 scrolls of enchant weapon
 o - 4 scrolls of remove curse
 s - 8 scrolls of identify
 u - a scroll of vulnerability
 w - a scroll of fog
 x - a scroll of brand weapon
 C - 3 scrolls of enchant armour
Potions
 a - 2 potions of stabbing
 h - 5 potions of curing
 j - 6 potions of brilliance
 k - 2 potions of flight
 n - 3 potions of invisibility
 p - 5 potions of degeneration
 r - 4 potions of magic
 t - 2 potions of resistance
 A - a potion of might
 E - a potion of ambrosia
 F - 3 potions of mutation
 G - a potion of cancellation
 H - 3 potions of heal wounds
 I - a potion of haste


   Skills:
 + Level 12.7 Fighting
 * Level 15.7 Long Blades
 + Level 11.8 Armour
 + Level 11.9 Shields


You had 14 spell levels left.
You didn't know any spells.
Your spell library contained the following spells:

 Spells                   Type           Power        Failure   Level
 Animate Skeleton         Necr           #.....       78%         1
 Apportation              Tloc           #.....       78%         1
 Corona                   Hex            #......      78%         1
 Magic Dart               Conj           #...         78%         1
 Sandblast                Erth           #.....       78%         1
 Sting                    Tmut/Pois      #...         78%         1
 Summon Small Mammal      Summ           #...         78%         1
 Blink                    Tloc           N/A          89%         2
 Call Imp                 Summ           #.......     89%         2
 Passwall                 Tmut/Erth      #.......     89%         2
 Poisonous Vapours        Pois/Air       #.....       89%         2
 Slow                     Hex            #.......     89%         2
 Confusing Touch          Hex            #.......     98%         3
 Conjure Flame            Conj/Fire      #.......     98%         3
 Gell's Gravitas          Tloc           #.........   98%         3
 Ignite Poison            Fire/Tmut/Pois #.......     98%         3
 Mephitic Cloud           Conj/Pois/Air  #.......     98%         3
 Stone Arrow              Conj/Erth      #.....       98%         3
 Olgreb's Toxic Radiance  Pois           #.......     100%        4
 Petrify                  Tmut/Erth      #.......     100%        4
 Lee's Rapid Deconstruct  Erth           #.........   100%        5
 Metabolic Englaciation   Hex/Ice        #.........   100%        5
 Yara's Violent Unravell  Hex/Tmut       #.........   100%        5


Dungeon Overview and Level Annotations

Branches:
Dungeon (15/15) Temple (0/1) D:6 Lair (6/6) D:8 Swamp (1/4) Lair:4 Snake (0/4) Lair:2 Slime (0/5) Lair:6 Orc (2/2) D:9 Elf (0/3) Orc:2 Vaults (0/5) D:13 D:14 Depths (0/5) D:15

Altars:
Elyvilon
Gozag
Kikubaaqudgha
Makhleb
Okawaru
Qazlal
Trog
Vehumet
Wu Jian
Zin
Beogh

Shops:
D:2 *   D:14 *   D:15 [[[   Orc:1 [   Orc:2 }(}[

Portals:
Trove: D:13 (give 18 potions of curing)

Annotations:
Lair:1 exclusion: 3 oklob plants
Lair:4 Donald
Lair:6 exclusion: 6 oklob plants


Innate Abilities, Weirdness & Mutations

You have hoof-like feet.
You are mostly covered in thin metallic scales. (AC +3)
Your flesh is heat resistant. (rF+)
You regenerate health from kills.
You are agile. (Dex +2)
You tend to lose your temper in combat.


Message History

You see here 5 gold pieces.
The swamp worm is moderately wounded.
Donald closely misses you. The swamp worm bites you!
* * * LOW HITPOINT WARNING * * *
The alligator is heavily wounded.
The alligator bites you!
* * * LOW HITPOINT WARNING * * *
You block the alligator's attack.
The alligator is almost dead.
Donald hits you with a +2 double sword of freezing!
* * * LOW HITPOINT WARNING * * *
Donald freezes you.
* * * LOW HITPOINT WARNING * * *
You block the swamp worm's attack.
You kill the alligator!
The swamp worm fires a harpoon shot at you.
You block the harpoon shot.
Donald hits you with a +2 double sword of freezing!!
You die...
Your body crumbles into a pile of gold.

............♣♣§§§§§§≈≈♣..........
.##..........≈§§§§§§♣♣.#.+.#.....
###....####P≈.§§§≈≈≈≈♣#...###..#.
#.....#######.≈≈≈♣≈.#.....#...##
##.....#..........###.....##..#
#...........#....###....###..##
###....##.........w.##.....#....#
.......##....##.@$$##......##..##
.##...........#.@..#####..###...#
.#.....#..P.##.....#####P..##..##
##...................P.#...##....
##...................P...........
.................................
.................................
##...............................
.#.............<.......##..#.....
#.......P..##.##....########..♣♣♣


You could see Donald (fast, strong) and a swamp worm.

Vanquished Creatures
  Rupert (D:13)
  Nessos (D:14)
  A fire dragon (D:15)
  6 hydras
  A catoblepas (Lair:4)
  An ice dragon (D:15)
  2 centaur warriors
  A death knight (D:13)
  Erica (Lair:2)
  The ghost of DarthBeliar the Fighter, a journeyman GrFi of Okawaru (D:10)
  A tengu warrior (D:13)
  5 two-headed ogres
  2 alligators (Lair:4)
  4 death yaks (Lair:6)
  Urug (D:13)
  6 orc high priests (Orc:2)
  Sonja (D:13)
  A skeletal warrior (D:14)
  3 unseen horrors
  2 wizards (D:15)
  A wolf spider zombie (D:15)
  2 orc knights
  Pikel (D:8)
  3 orc sorcerers
  3 manticores
  3 cyclopes
  4 ugly things
  9 black mambas
  3 gargoyles
  Maggie (D:10)
  6 cane toads
  3 centaur skeletons
  A rime drake (Lair:6)
  A yaktaur (D:15)
  3 efreet
  8 komodo dragons
  A freezing wraith (D:13)
  A harpy zombie (D:15)
  5 polar bears (Lair:6)
  6 hornets
  7 trolls
  4 blink frogs (Lair:4)
  Prince Ribbit (D:7)
  2 dream sheep (Lair:6)
  9 hippogriffs
  9 slime creatures
  2 wraiths
  Sigmund (D:3)
  14 spriggans (Lair:6)
  A shadow (D:12)
  A water elemental (D:15)
  5 wyverns
  57 yaks
  16 humans
  Grum (D:8)
  8 vampire mosquitoes
  A basilisk (D:11)
  A swamp worm (Lair:4)
  8 wargs
  An acid dragon (D:12)
  18 water moccasins
  5 porcupines
  A meliai simulacrum (D:15)
  11 ice beasts
  25 orc warriors
  3 black bears (Lair:6)
  8 phantoms
  6 boggarts
  4 necrophages
  13 ogres
  31 wolves
  6 crocodiles
  A lemure (D:8)
  A big kobold (D:8)
  20 bullfrogs
  2 wyvern zombies
  5 scorpions
  11 killer bees
  An electric eel (Lair:4)
  16 wights
  A spectral bullfrog (D:6)
  The ghost of iamserjio the Sneak, a weakling OpDe (D:6)
  3 howler monkeys
  A crimson imp (D:15)
  4 centaur zombies
  4 jellies
  9 hounds
  15 orc wizards
  41 orc priests
  5 bullfrog skeletons
  2 iguanas
  7 worker ants
  A killer bee zombie (D:6)
  A centaur simulacrum (D:10)
  A hound skeleton (D:7)
  A killer bee simulacrum (D:10)
  3 worker ant zombies
  4 gnolls (D:6)
  14 adders
  A shadow imp (D:7)
  8 white imps
  2 worker ant simulacra
  An ufetubus (D:9)
  A spectral adder (D:6)
  An adder zombie (D:8)
  An adder skeleton (D:8)
  A worm (D:3)
  A dart slug (D:4)
  2 adder simulacra
  6 leopard geckos
  120 orcs
  2 ball pythons (D:3)
  6 giant cockroaches
  9 goblins
  12 hobgoblins
  6 jackals
  7 quokkas
  12 bats
  3 frilled lizards
  5 kobolds
  A leopard gecko skeleton (D:8)
  A leopard gecko zombie (D:5)
  5 rats
776 creatures vanquished.

Vanquished Creatures (others)
  An orc wizard (D:8)
  A kobold (D:8)
  A bush (Lair:2)
  23 fungi
  8 plants
34 creatures vanquished.

Grand Total: 810 creatures vanquished

Notes
Turn   | Place    | Note
-------+----------+-------------------------------------------
     0 | D:1      | Infinimo the Demonspawn Fighter began the quest for the
                  | Orb.
     0 | D:1      | Reached XP level 1. HP: 18/18 MP: 1/1
    77 | D:1      | Reached skill level 2 in Long Blades
   170 | D:1      | Gained mutation: Your flesh is heat resistant. (rF+)
                  | [demonic ancestry]
   170 | D:1      | Reached XP level 2. HP: 24/24 MP: 2/2
   765 | D:1      | Reached XP level 3. HP: 27/29 MP: 3/3
  1038 | D:2      | Found an ancient bone altar of Kikubaaqudgha.
  1080 | D:2      | Found a white marble altar of Elyvilon.
  1480 | D:2      | Found an opulent altar of Gozag.
  1484 | D:2      | Found Gozag's Platinum Reserve.
  1496 | D:2      | Became a worshipper of Gozag Ym Sagoz the Greedy
  2057 | D:3      | Reached XP level 4. HP: 35/35 MP: 4/4
  2277 | D:3      | Reached skill level 3 in Long Blades
  2594 | D:3      | Noticed Sigmund
  2600 | D:3      | Gained mutation: You tend to lose your temper in combat.
                  | [potion of mutation]
  2600 | D:3      | Gained mutation: You are agile. (Dex +2) [potion of
                  | mutation]
  2600 | D:3      | Gained mutation: You have sharp toenails. [potion of
                  | mutation]
  2615 | D:3      | Killed Sigmund
  2615 | D:3      | Reached XP level 5. HP: 25/42 MP: 5/5
  2615 | D:3      | Lost mutation: You have sharp toenails. [demonic ancestry]
  2615 | D:3      | Gained mutation: You have large cloven feet. [demonic
                  | ancestry]
  2615 | D:3      | Reached XP level 6. HP: 29/48 MP: 6/6
  2981 | D:3      | Found a radiant altar of Vehumet.
  2982 | D:3      | Found an iron altar of Okawaru.
  3108 | D:4      | Reached skill level 4 in Long Blades
  3352 | D:4      | Reached XP level 7. HP: 45/55 MP: 7/7
  3406 | D:4      | Found a stormy altar of Qazlal.
  4121 | D:5      | Entered Level 5 of the Dungeon
  4399 | D:5      | Reached skill level 5 in Long Blades
  4856 | D:5      | Found a burning altar of Makhleb.
  5668 | D:6      | Reached skill level 5 in Fighting
  5671 | D:6      | Gained mutation: You have hoof-like feet. [demonic
                  | ancestry]
  5671 | D:6      | Reached XP level 8. HP: 52/60 MP: 8/8
  5886 | D:6      | Found a staircase to the Ecumenical Temple.
  5927 | D:6      | Reached skill level 6 in Long Blades
  5994 | D:6      | Found a runed translucent gate.
  5994 | D:6      | Found a runed translucent gate.
  5994 | D:6      | Found a runed translucent gate.
  5994 | D:6      | Noticed iamserjio's ghost (weakling OpDe)
  6012 | D:6      | Reached skill level 5 in Shields
  6172 | D:6      | Reached skill level 5 in Armour
  7173 | D:6      | Killed iamserjio's ghost
  7225 | D:6      | Got a steaming great sword
  7232 | D:6      | Identified the cursed +2 great sword "Zucluih" {vorpal, rN+
                  | Int-4 Dex+2} (You found it on level 6 of the Dungeon)
  7381 | D:7      | Noticed Prince Ribbit
  7635 | D:7      | Reached skill level 7 in Long Blades
  7693 | D:7      | Gained mutation: You are partially covered in thin metallic
                  | scales. (AC +2) [demonic ancestry]
  7693 | D:7      | Reached XP level 9. HP: 67/67 MP: 9/9
  8502 | D:7      | Killed Prince Ribbit
  8811 | D:7      | Found a stormy altar of Qazlal.
  8812 | D:7      | Found an ornate altar of the Wu Jian Council.
  9156 | D:8      | Reached skill level 8 in Long Blades
  9787 | D:8      | Found a staircase to the Lair.
  9788 | D:8      | Noticed Pikel
  9821 | D:8      | Killed Pikel
 10034 | D:8      | Noticed a two-headed ogre
 10035 | D:8      | Noticed a two-headed ogre
 10059 | D:8      | Killed a two-headed ogre
 10059 | D:8      | Reached XP level 10. HP: 14/77 MP: 10/10
 10458 | D:8      | Killed a two-headed ogre
 10458 | D:8      | Reached skill level 9 in Long Blades
 11026 | D:8      | Noticed Grum
 11035 | D:8      | Killed Grum
 12016 | D:9      | Found a staircase to the Orcish Mines.
 12334 | D:10     | Entered Level 10 of the Dungeon
 12336 | D:10     | Found a runed translucent gate.
 13078 | D:10     | Reached skill level 10 in Long Blades
 13287 | D:10     | Noticed Maggie
 13305 | D:10     | Killed Maggie
 13305 | D:10     | Reached XP level 11. HP: 44/86 MP: 11/11
 13536 | D:10     | Found a runed translucent gate.
 13573 | D:10     | Found a runed translucent gate.
 13671 | D:10     | Noticed DarthBeliar's ghost (journeyman GrFi)
 13848 | D:10     | Killed DarthBeliar's ghost
 14773 | D:11     | Found a glowing silver altar of Zin.
 14841 | D:11     | Killed an unseen horror
 14841 | D:11     | Reached skill level 11 in Long Blades
 16160 | Lair:1   | Entered Level 1 of the Lair of Beasts
 16543 | Lair:1   | Noticed a four-headed hydra
 16570 | Lair:1   | Killed a five-headed hydra
 16570 | Lair:1   | Gained mutation: You regenerate a little health from kills.
                  | [demonic ancestry]
 16570 | Lair:1   | Reached XP level 12. HP: 95/96 MP: 12/12
 17549 | Lair:2   | Noticed an eight-headed hydra
 17553 | Lair:2   | Noticed Erica
 17948 | Lair:2   | Identified a scroll of acquirement
 17948 | Lair:2   | Acquired a +3 demon blade of electrocution
 18086 | Lair:2   | Reached skill level 12 in Long Blades
 18102 | Lair:2   | Killed Erica
 18320 | Lair:2   | Killed an eight-headed hydra
 18320 | Lair:2   | Reached skill level 10 in Fighting
 18559 | Lair:2   | Found a staircase to the Snake Pit.
 19780 | Lair:4   | You fall into a shaft and drop 2 floors!
 19780 | Lair:6   | Entered Level 6 of the Lair of Beasts
 19844 | Lair:6   | Noticed a six-headed hydra
 19866 | Lair:6   | Reached XP level 13. HP: 104/104 MP: 13/13
 19887 | Lair:6   | Found a staircase to the Slime Pits.
 20386 | Lair:6   | Reached skill level 13 in Long Blades
 20635 | Lair:6   | Reached skill level 10 in Shields
 20717 | Lair:6   | Reached skill level 10 in Armour
 23691 | Lair:4   | Reached skill level 14 in Long Blades
 23931 | Lair:4   | Found a staircase to the Swamp.
 24138 | Lair:4   | Gained mutation: You are mostly covered in thin metallic
                  | scales. (AC +3) [demonic ancestry]
 24138 | Lair:4   | Reached XP level 14. HP: 113/113 MP: 14/14
 24413 | Orc:1    | Entered Level 1 of the Orcish Mines
 24443 | Orc:1    | Found a roughly hewn altar of Beogh.
 24636 | Orc:1    | Bought a glowing helmet for 187 gold pieces
 24636 | Orc:1    | Bought a crude plate armour for 700 gold pieces
 24636 | Orc:1    | Bought a shimmering plate armour for 700 gold pieces
 24646 | Orc:1    | Identified the +0 plate armour of Truth {+Fly rPois rC-}
                  | (You bought it in a shop on level 1 of the Orcish Mines)
 24656 | Orc:1    | Identified the +2 plate armour of Trumpets {rPois Dex+2}
                  | (You bought it in a shop on level 1 of the Orcish Mines)
 24738 | Orc:2    | Entered Level 2 of the Orcish Mines
 25152 | Orc:2    | Found a staircase to the Elven Halls.
 25304 | Orc:2    | Found a roughly hewn altar of Beogh.
 25423 | Orc:2    | Found a burning altar of Makhleb.
 25429 | Orc:2    | Found a bloodstained altar of Trog.
 25588 | Orc:2    | Found Heus's Gadget Emporium.
 25588 | Orc:2    | Found Nam Ichi's Armour Shop.
 25907 | Orc:2    | Found Ynka's Gadget Emporium.
 25907 | Orc:2    | Found Henasairr's Antique Weapon Shop.
 27409 | D:13     | Noticed Sonja
 27418 | D:13     | Killed Sonja
 27628 | D:13     | Found a portal to a secret trove of treasure.
 27978 | D:14     | Reached skill level 15 in Long Blades
 28195 | D:13     | HP: 2/115 [six-headed hydra (11)]
 28623 | D:14     | Found a gate to the Vaults.
 28623 | D:14     | Noticed Nessos
 28623 | D:14     | Noticed Rupert
 28623 | D:14     | Noticed Urug
 28690 | D:13     | Killed Urug
 29973 | D:13     | Killed Rupert
 29973 | D:13     | Gained mutation: You regenerate health from kills. [demonic
                  | ancestry]
 29973 | D:13     | Reached XP level 15. HP: 118/122 MP: 15/15
 30014 | D:14     | Killed Nessos
 30110 | D:14     | Found Zoijoy's Assorted Antiques.
 30120 | D:14     | Bought a masterwork helmet for 285 gold pieces
 30120 | D:14     | Bought a potion of curing for 90 gold pieces
 30130 | D:14     | Identified the +0 helmet of Integrity {rF++ rN+ Dex-5 SInv}
                  | (You bought it in a shop on level 14 of the Dungeon)
 30297 | D:14     | Found an ornate altar of the Wu Jian Council.
 30303 | D:14     | You fall into a shaft and drop 1 floor!
 30303 | D:15     | Entered Level 15 of the Dungeon
 31560 | D:15     | Found a staircase to the Depths.
 31920 | D:15     | Bought the +1 cloak of Starlight {rElec rC+ EV+4 Stlth--}
                  | for 1424 gold pieces
 31920 | D:15     | Found the +1 cloak of Starlight {rElec rC+ EV+4 Stlth--}
 31920 | D:15     | Bought a pair of glowing boots for 240 gold pieces
 31945 | D:15     | Bought the +3 scale mail of the Eight Boll Weevils {Dex+4
                  | Slay+5} for 831 gold pieces
 32386 | Swamp:1  | Entered Level 1 of the Swamp
 32387 | Swamp:1  | Identified the +2 kite shield of Correcli {rElec rCorr
                  | Str+3}
 32387 | Swamp:1  | Noticed Donald
 32495 | Lair:4   | Slain by Donald

Illustrated notes

Levels and vault maps discovered:
D:1:      co_arrival_square_in_a_square_in_a_square, layout_basic
D:2:      layout_loops_ring, elyvilon_altar_5, kiku_gazebo_garden_becter,
          roderic_lattice_a, nicolae_gozag_zags_fifth_avenue
D:3:      cheibrodos_pilgrimage, layout_basic, gammafunk_temple_overflow_statue,
          kennysheep_minor_cross, uniq_sigmund
D:4:      layout_basic, grunt_qazlal_clouds
D:5:      layout_basic, makhleb_heckhound_becter
D:6:      layout_basic, minmay_temple_entry_trees, gammafunk_ghost_necromancy,
          kennysheep_cross_room, minmay_between
D:7:      layout_basic, gammafunk_temple_overflow_pools, minmay_misc_feat_roman,
          uniq_prince_ribbit1
D:8:      layout_basic, dpeg_oklobed_lair, uniq_pikel, uniq_grum
D:9:      layout_roguey, orc_0_dummy
D:10:     layout_rooms, gammafunk_ghost_icy, uniq_maggie
D:11:     layout_stronghold, basic_altar
D:12:     layout_roguey [special_room_orc]
D:13:     layout_rooms, enter_trove_1, uniq_sonja
D:14:     layout_rooms, david_vaults_3, basic_altar, serial_shops,
          nicolae_shop_waterfront, serial_curves, eino_curves_02,
          eino_curves_03, kennysheep_flooded_box, guppyfry_shop_blood
D:15:     grunt_enter_depths_hoard, layout_grid_maze, fountainhead,
          minmay_door_square, lightli_wizard_tower
Lair:1:   layout_chaotic_city, minmay_lair_oklob_chamber
Lair:2:   layout_chaotic_city, minmay_snake_entry_six_corridors, uniq_erica
Lair:3:   layout_long_grid, grunt_megastairs_2, infiniplex_staircase_pool_2
Lair:4:   layout_regular_city, swamp_mist_pool, serial_forest,
          infiniplex_forest_clump_C, infiniplex_forest_end_1,
          infiniplex_forest_end_double, infiniplex_forest_clump_large,
          infiniplex_forest_lined_3, infiniplex_forest_clump_tiny,
          infiniplex_forest_clump_small, infiniplex_forest_end_3,
          infiniplex_forest_straight_2, fungi_pond_lemuel
Lair:5:   layout_loops_ring
Lair:6:   minmay_lair_end_enchanted_forest, layout_long_grid,
          minmay_slime_entry_oklob_open, grunt_forest_stairs_basic
Swamp:1:  layout_basic_swamp, hangedman_swamp_ruin_wall, swamp_pool3,
          uniq_donald, uniq_kirke
Orc:1:    layout_diamond_mine, basic_altar, nicolae_orc_tapped_out
Orc:2:    st_orc_town, layout_caves, basic_altar, trog_book

Skill      XL: |  1  2  3  4  5  6  7  8  9 10 11 12 13 14 |
---------------+-------------------------------------------+-----
Long Blades    | 2 3 4 5 7 8 10 11 12 14 15 | 15.7
Armour         | 3 4 5 6 7 8 9 10 11 | 11.8
Shields        | 3 4 5 6 7 8 9 10 11 | 11.9
Fighting       | 4 5 6 7 8 9 10 11 12 | 12.7

Action                   |  1- 3 |  4- 6 |  7- 9 | 10-12 | 13-15 || total
-------------------------+-------+-------+-------+-------+-------++-------
Melee: Long sword        |   155 |       |       |       |       ||   155
       Scimitar          |    16 |    93 |   395 |   634 |       ||  1138
       Kick              |       |    12 |   129 |   337 |   490 ||   968
       Demon blade       |       |       |       |   185 |  1274 ||  1459
Invok: Call Merchant     |       |       |       |       |     4 ||     4
Evoke: Wand              |       |       |       |    20 |    15 ||    35
  Use: Scroll            |     8 |     1 |     9 |     3 |    17 ||    38
       Potion            |     2 |     3 |       |     7 |     2 ||    14
 Stab: Distracted        |       |       |     2 |     4 |     8 ||    14
Armor: Scale mail        |    99 |    31 |   143 |   341 |   142 ||   756
       Skin              |       |       |       |     6 |       ||     6
       Plate armour      |       |       |       |       |   417 ||   417
Dodge: Dodged            |    60 |    26 |    94 |   199 |   272 ||   651
Block: Kite shield       |   127 |    43 |   159 |   436 |   709 ||  1474
       Rpst.: Long sword |    13 |       |       |       |       ||    13
       Scimitar          |       |     4 |    26 |    55 |       ||    85
       Demon blade       |       |       |       |     7 |    61 ||    68

Table legend: (Time is in decaauts)
 A = Elapsed time spent in this place.
 B = Non-inter-level travel time spent in this place.
 C = Inter-level travel time spent in this place.
 D = Time resting spent in this place.
 E = Time spent auto-exploring this place.
 F = Levels seen in this place.
 G = Mean time per level.
                   A        B        C        D        E       F      G
               +--------+--------+--------+--------+--------+-----+--------+
         Total |  32387 |  30825 |   1562 |   4969 |  21059 |  24 | 1349.5 |
       Dungeon |  22252 |  21218 |   1034 |   3108 |  14823 |  15 | 1483.5 |
          Lair |   8342 |   7959 |    383 |   1563 |   5297 |   6 | 1390.3 |
         Swamp |      8 |      8 |      0 |      0 |      0 |   1 |    8.0 |
  Orcish Mines |   1784 |   1639 |    145 |    297 |    938 |   2 |  892.0 |
               +--------+--------+--------+--------+--------+-----+--------+

Top non-repeatable levels by time:
  Lair:6: 2446 daAuts
     D:6: 2096 daAuts
    D:11: 1946 daAuts
    D:13: 1934 daAuts
     D:7: 1899 daAuts
    D:15: 1808 daAuts
     D:8: 1782 daAuts
  Lair:1: 1697 daAuts
    D:12: 1686 daAuts
     D:5: 1548 daAuts
    D:10: 1513 daAuts
     D:9: 1498 daAuts
  Lair:4: 1325 daAuts
     D:3: 1210 daAuts
  Lair:2: 1080 daAuts
